Map: Dreamcatcher LE

Players

Qolt - Winner!

  • Race: Zerg Zerg
  • League: Master
  • Spawn Location: 5:00

Cliggity

  • Race: Protoss Protoss
  • League: Platinum
  • Spawn Location: 11:00

VOD

Have the link to the VOD?

Description

Time

  • Played on: Nov. 15, 2018, 12:38 a.m.
  • Length: 15:14
Show
View Real Time Build Order
Export as new Build Order

Qolt Zerg - Winner!

Build Orders: Hatch First 

Get SALT Encoding   

  12  0:01  Drone  
  13  0:12  Overlord  
  13  0:19  Drone  
  14  0:30  Drone x2  
  14  0:35  Drone  
  17  0:55  Drone  
  18  0:58  Hatchery  
  18  1:00  Drone  
  18  1:09  Extractor  
  17  1:14  Spawning Pool  
  17  1:17  Drone  
  17  1:26  Drone  
  18  1:33  Drone  
  18  1:39  Overlord  
  19  2:03  Zergling x4  
  19  2:04  Queen  
  23  2:10  Queen  
  23  2:11  Zergling x4  
  27  2:19  Metabolic Boost  
  27  2:23  Zergling x4  
  29  2:32  Zergling x2  
  29  2:33  Overlord  
  30  2:45  Zergling x4  
  32  2:58  Zergling x4  
  33  3:04  Zergling x4  
  35  3:12  Zergling x6  
  35  3:20  Drone x4  
  35  3:21  Drone  
  40  3:30  Overlord x2  
  40  3:42  Overlord  
  40  3:44  Drone x2  
  40  3:47  Hatchery  
  41  3:52  Drone x2  
  41  3:53  Drone x2  
  41  3:54  Drone  
  46  3:56  Drone  
  47  4:03  Drone  
  47  4:09  Overlord  
  48  4:10  Queen  
  48  4:16  Queen  
  52  4:24  Zergling x6  
  52  4:25  Zergling x4  
  57  4:34  Drone x3, Roach Warren  
  59  4:43  Drone  
  59  4:44  Drone x3  
  63  4:58  Drone  
  63  4:59  Overlord x2  
  64  5:01  Queen  
  66  5:09  Drone x2, Extractor  
  66  5:11  Drone  
  68  5:16  Extractor  
  68  5:18  Roach x2  
  68  5:21  Roach x3  
  77  5:25  Overlord x2  
  77  5:37  Drone x3  
  77  5:38  Overlord x2  
  80  5:46  Lair  
  80  5:48  Overlord x3  
  79  6:03  Drone x3  
  82  6:05  Drone, Extractor  
  82  6:06  Drone x3  
  82  6:09  Roach  
  82  6:10  Roach x2  
  89  6:23  Drone x2  
  89  6:24  Evolution Chamber  
  89  6:25  Drone x3, Evolution Chamber  
  93  6:32  Ravager x3  
  95  6:40  Hatchery  
  95  6:46  Roach  
  95  6:47  Roach x6  
  108  6:52  Glial Reconstitution  
  108  7:09  Zerg Missile Weapons Level 1  
  108  7:22  Roach  
  105  7:23  Roach x8  
  121  7:31  Extractor  
  121  7:32  Roach, Extractor  
  121  7:33  Roach x3  
  121  7:34  Roach  
  129  7:45  Overlord  
  129  7:46  Overlord x7  
  129  7:47  Overseer x3  
  129  7:58  Ravager  
  130  8:06  Pneumatized Carapace  
  130  8:10  Drone x3  
  130  8:12  Drone x4  
  137  8:13  Drone x7  
  137  8:15  Queen  
  146  8:21  Roach x2  
  146  8:27  Hydralisk Den  
  132  8:39  Roach  
  132  8:40  Roach x7  
  128  8:59  Grooved Spines  
  128  9:02  Zerg Ground Armor Level 1  
  128  9:03  Zerg Missile Weapons Level 2  
  128  9:29  Roach, Hydralisk x5  
  128  9:30  Roach x5  
  150  9:45  Hydralisk x5  
  148  10:00  Roach, Hydralisk x3  
  148  10:01  Roach x3  
  148  10:04  Zergling x2  
  148  10:05  Zergling x24  
  163  10:11  Muscular Augments  
  156  10:19  Infestation Pit  
  155  10:35  Spire  
  153  10:46  Hatchery  
  139  11:01  Hydralisk x8  
  139  11:03  Zergling x16  
  139  11:04  Zergling x4  
  160  11:09  Baneling Nest  
  133  11:15  Zergling x2  
  133  11:16  Zergling x8  
  123  11:29  Drone x8  
  132  11:32  Drone  
  132  11:33  Drone x2  
  134  11:43  Zerg Ground Armor Level 2, Zerg Melee Weapons Level 1  
  134  11:48  Hive  
  134  11:52  Hydralisk  
  134  11:54  Zergling x12  
  133  11:55  Zergling x12  
  144  12:07  Extractor  
  143  12:08  Extractor  
  140  12:19  Zergling x18  
  140  12:20  Zergling x4  
  148  12:24  Baneling  
  148  12:25  Baneling x14  
  148  12:56  Hydralisk  
  148  12:57  Hydralisk x9  
  148  12:58  Zergling x12  
  169  12:59  Hatchery, Zergling x4  
  156  13:23  Hydralisk x7, Zergling x6  
  156  13:24  Zergling x8  
  158  13:27  Greater Spire  
  158  13:29  Queen  
  153  14:03  Hatchery  
  152  14:12  Hydralisk x2  
  152  14:13  Hydralisk x5, Zergling x12  
  152  14:14  Zergling x8  
  173  14:29  Drone  
  173  14:30  Drone x3  
  177  14:40  Drone x4  
  177  14:41  Drone x2  
  174  14:52  Zergling x2  
  175  14:53  Zergling x4  
Show
View Real Time Build Order
Export as new Build Order

Cliggity Protoss 

Build Orders: 1 Gate Expand 

Get SALT Encoding   

  12  0:00  Probe  
  13  0:12  Probe  
  14  0:18  Pylon  
  14  0:24  Probe  
  15  0:38  Probe (Chrono Boost)  
  15  0:40  Gateway  
  16  0:48  Probe (Chrono Boost)  
  17  0:53  Probe (Chrono Boost)  
  18  1:05  Probe  
  19  1:12  Assimilator  
  19  1:17  Probe  
  20  1:28  Nexus  
  20  1:38  Cybernetics Core  
  20  1:47  Probe  
  20  1:52  Pylon  
  21  1:54  Assimilator  
  21  2:02  Probe  
  22  2:16  Adept  
  24  2:27  Shield Battery  
  24  2:29  Gateway  
  24  2:36  Probe  
  24  2:40  Probe (Chrono Boost)  
  24  2:43  Sentry  
  27  2:48  Warp Gate  
  27  2:49  Probe (Chrono Boost)  
  28  2:52  Probe (Chrono Boost)  
  30  2:59  Probe (Chrono Boost)  
  30  3:00  Probe (Chrono Boost)  
  30  3:02  Shield Battery  
  31  3:14  Probe (Chrono Boost)  
  31  3:15  Probe (Chrono Boost)  
  31  3:17  Adept  
  31  3:18  Adept  
  37  3:26  Probe (Chrono Boost)  
  39  3:27  Probe (Chrono Boost)  
  39  3:31  Robotics Facility  
  39  3:38  Probe x2 (Chrono Boost)  
  41  3:44  Sentry  
  41  3:47  Assimilator  
  43  3:56  Probe x2  
  43  4:00  Gateway  
  43  4:01  Pylon  
  45  4:19  Warp Prism  
  45  4:22  Probe (Chrono Boost)  
  45  4:23  Probe (Chrono Boost)  
  49  4:31  Forge  
  49  4:33  Pylon  
  49  4:34  Probe (Chrono Boost)  
  49  4:35  Probe (Chrono Boost)  
  51  4:39  Assimilator  
  51  4:43  Probe x2 (Chrono Boost)  
  51  4:44  Gateway  
  53  4:53  Twilight Council  
  53  4:55  Probe  
  53  4:56  Probe  
  55  5:00  Protoss Ground Weapons Level 1 (Chrono Boost)  
  55  5:03  Pylon  
  55  5:04  Pylon  
  55  5:08  Adept  
  55  5:10  Adept x2  
  61  5:16  Charge (Chrono Boost)  
  61  5:32  Immortal  
  65  5:39  Sentry x3  
  71  5:55  Probe x2  
  73  6:11  Probe x2  
  75  6:23  Pylon  
  75  6:25  Pylon  
  75  6:27  Zealot, Gateway  
  77  6:45  Zealot x3  
  77  6:46  Protoss Ground Weapons Level 2 (Chrono Boost)  
  83  7:04  Zealot, Gateway  
  83  7:08  Immortal, Gateway  
  87  7:10  Gateway  
  87  7:29  Nexus  
  87  7:31  Assimilator  
  87  7:35  Assimilator  
  87  7:39  Pylon  
  87  7:40  Probe x2  
  87  7:42  Pylon  
  89  7:52  Forge  
  89  7:55  Templar Archives  
  89  8:00  Immortal  
  89  8:04  Robotics Facility  
  93  8:06  Pylon  
  93  8:07  Pylon  
  93  8:09  Probe x2  
  95  8:13  Stalker x2  
  95  8:14  Stalker  
  101  8:21  Probe  
  80  8:42  Zealot x7  
  80  8:43  Zealot  
  94  8:51  Psionic Storm  
  94  8:54  Probe  
  94  8:55  Probe x2  
  97  8:58  Protoss Ground Weapons Level 3 (Chrono Boost)  
  97  8:59  Protoss Ground Armor Level 1 (Chrono Boost)  
  97  9:01  Immortal x2  
  105  9:07  Probe x3  
  108  9:16  High Templar x2  
  108  9:17  High Templar x4  
  116  9:19  Probe x3  
  123  9:36  Archon x2  
  123  9:37  Zealot, Archon  
  123  9:38  Zealot  
  97  9:54  Immortal x2  
  97  9:55  Zealot  
  97  9:56  Zealot x5  
  97  10:12  Zealot x2  
  93  10:32  High Templar x3  
  93  10:33  Nexus, High Templar x2  
  93  10:35  Assimilator  
  97  10:39  Assimilator  
  97  10:41  Pylon  
  97  10:45  Pylon  
  72  11:17  Archon  
  72  11:18  Archon  
  68  11:20  Zealot x8  
  84  11:34  Nexus  
  84  11:43  Zealot x4  
  84  11:44  Zealot x4  
  100  12:05  Sentry x2  
  100  12:07  High Templar x3  
  109  12:32  Observer  
  110  12:43  Pylon  
  110  12:45  Pylon  
  110  12:46  Observer  
  110  12:49  Probe x3  
  114  13:01  Probe  
  82  13:23  Zealot x2  
  82  13:24  Zealot x5  
  84  13:28  Archon  
  84  13:29  Zealot  
  74  13:40  Probe  
  74  13:41  Probe x2  
  75  13:43  Assimilator  
  75  13:47  Assimilator  
  69  13:55  High Templar x8  
  67  14:00  Probe  
  43  14:46  Zealot  
  43  14:47  Zealot x3  
  35  15:00  Archon  
  35  15:02  Zealot x2  
Tags
 
Add a new tag
Caveats
  • Supply blocks, unpowered buildings, or Contaminate may cause inaccurate times.
  • Supply counts are checked every 10 seconds.